 Dungeon Crawl Stone Soup version 0.31-a0-1074-g0b22e4e0f1 (webtiles) character file.

Game seed: 17808004637441221015

63 grandjackal the Grave Robber (level 3, -5/26 HPs)
             Began as a Demonspawn Necromancer on Nov 30, 2023.
             Slain by Sigmund
             ... wielding a +0 scythe
              (11 damage)
             ... on level 3 of the Dungeon.
             The game lasted 00:03:09 (1976 turns).

grandjackal the Grave Robber (DsNe)                 Turns: 1976, Time: 00:03:09

Health: -5/26      AC:  2    Str: 10    XL:     3   Next: 89%
Magic:  2/2        EV: 12    Int: 12    God:
Gold:   126        SH:  0    Dex: 13    Spells: 3/7 levels left

rFire   + + +        o - +3 trident of Yvebb {antimagic, rPois rF+++ rC- Int-4}
rCold   x . .        (no shield)
rNeg    . . .        a - +0 robe
rPois   +            (no helmet)
rElec   .            (no cloak)
rCorr   .            (no gloves)
SInv    .            (no boots)
Will    +....        (no amulet)
Stlth   ++           (no ring)
HPRegen 0.24/turn    (no ring)
MPRegen 0.08/turn

%: no passive effects
@: enlightened, flying, hasted, very quick
A: claws 1
a: no special abilities


You were on level 3 of the Dungeon.
You visited 1 branch of the dungeon, and saw 3 of its levels.

You collected 126 gold pieces.

Inventory:

Hand Weapons
 c - a +0 dagger
 o - the +3 trident of Yvebb (weapon) {antimagic, rPois rF+++ rC- Int-4}
   (You found it on level 2 of the Dungeon)

   Int-4:     It affects your intelligence (-4).
   rF+++:     It renders you almost immune to fire.
   rC-:       It makes you vulnerable to cold.
   rPois:     It protects you from poison
Missiles
 f - 6 poisoned darts
 g - 2 throwing nets
Armour
 a - a +0 robe (worn)
Jewellery
 n - an amulet of guardian spirit
Scrolls
 e - a scroll of fear {unknown}
 h - 4 scrolls of identify {unknown}
 j - a scroll of revelation {unknown}
 k - 3 scrolls of enchant armour {unknown}
 l - a scroll of teleportation {unknown}
 m - a scroll of immolation {unknown}
Potions
 b - a potion of magic


   Skills:
 + Level 1.6 Fighting
 - Level 1.7 Dodging
 - Level 1.7 Stealth
 + Level 1.1 Unarmed Combat
 + Level 2.6 Spellcasting
 + Level 4.9 Necromancy


You had 3 spell levels left.
You knew the following spells:

 Your Spells              Type           Power      Damage    Failure   Level
a - Necrotise             Necr           52%        1d6       3%          1
b - Vampiric Draining     Necr           13%        2d6       10%         3

Your spell library contained the following spells:

 Spells                   Type           Power      Damage    Failure   Level
 Blink                    Tloc           2%         N/A       36%         2
 Animate Dead             Necr           13%        N/A       32%         4
 Agony                    Necr           13%        N/A       67%         5
 Manifold Assault         Tloc           1%         N/A       95%         4


Dungeon Overview and Level Annotations

Branches:
Dungeon (3/15)

Altars:

Shops:
D:1 (

Annotations:
D:3 Sigmund


Innate Abilities, Weirdness & Mutations

You have sharp fingernails.


Message History

o - the +3 trident of Yvebb (weapon)
{antimagic, rPois rF+++ rC- Int-4}
There is a stone staircase leading down here.
You climb downwards.
Level annotation: Sigmund
There is a stone staircase leading up here.
Sigmund shouts!
Sigmund closely misses you.
You hit Sigmund.
Sigmund's magic leaks into the air.
Sigmund is lightly wounded.
Sigmund hits you with a +0 scythe!
You hit Sigmund but do no damage.
Sigmund is lightly wounded.
Sigmund barely misses you.
You closely miss Sigmund.
Sigmund is lightly wounded.
You hit Sigmund.
Sigmund's magic leaks into the air.
Sigmund is lightly wounded.
Sigmund misses you.
You hit Sigmund.
Sigmund's magic leaks into the air.
Sigmund is moderately wounded.
Sigmund giggles. "Time to reap what you sow."
Sigmund casts a spell.
Sigmund flickers and vanishes!
Deactivating autopickup; reactivate with Ctrl-A.
You hear some strange, mumbled words.
A puff of flame appears from out of thin air!
The puff of flame hits you. You resist.
You closely miss something. Something hits you.
You barely miss something. Something hits you but does no damage.
It was a potion of enlightenment.
You feel very buoyant.
You fly up into the air.
It was a potion of haste.
You feel yourself speed up. Something hits you.
You hit something but do no damage. You miss something. Something hits you.
You closely miss something. Something hits you.
* * * LOW HITPOINT WARNING * * *
You closely miss something. You miss something. Something hits you!
You die...

##### #...
#########.#######
......{@........#
#########.#.###.#
#.#####.#
#...<...#
#########


There were no monsters in sight!

Vanquished Creatures
  2 adders (D:2)
  5 ball pythons
  5 bats (D:1)
  3 endoplasms
  2 giant cockroaches
  5 goblins
  5 hobgoblins
  2 jackals (D:2)
  3 kobolds (D:1)
  A quokka (D:1)
  A frilled lizard (D:1)
  A rat (D:1)
35 creatures vanquished.

Vanquished Creatures (collateral kills)
  A hobgoblin (D:2)
  2 jackals (D:2)
3 creatures vanquished.

Grand Total: 38 creatures vanquished

Notes
Turn   | Place    | Note
-------+----------+-------------------------------------------
     0 | D:1      | grandjackal the Demonspawn Necromancer began the quest for
                  | the Orb.
     0 | D:1      | Reached XP level 1. HP: 13/13 MP: 3/3
   278 | D:1      | Gained mutation: You have sharp fingernails. [demonic
                  | ancestry]
   278 | D:1      | Reached XP level 2. HP: 20/20 MP: 0/5
   404 | D:1      | Found a faded altar of an unknown god.
   452 | D:1      | Reached skill level 1 in Fighting
   953 | D:1      | Found Gewuacal's Antique Weapon Shoppe.
  1264 | D:2      | Reached XP level 3. HP: 26/26 MP: 4/6
  1367 | D:2      | Learned a level 3 spell: Vampiric Draining
  1668 | D:2      | Reached skill level 1 in Unarmed Combat
  1878 | D:2      | Identified the +3 trident of Yvebb {antimagic, rPois rF+++
                  | rC- Int-4}
  1938 | D:3      | Noticed Sigmund
  1976 | D:3      | Slain by Sigmund

Illustrated notes

Levels and vault maps discovered:
D:1:      spicycebolla_arrival_xxxplode, layout_basic, serial_shops, shop,
          hellmonk_ecumenical_altar_run_dry, nicolae_figureground_pulse
D:2:      layout_basic, nicolae_elevator_lobby_asterisk
D:3:      layout_basic, zin_purify, uniq_sigmund, uniq_jessica

Skill      XL: |  1  2  3 |
---------------+----------+-----
Fighting       | 1 |  1.6
Unarmed Combat | 1 |  1.1
Dodging        | |  1.7
Stealth        | |  1.7
Spellcasting   | |  2.6
Necromancy     | |  4.9

Action                     || total
---------------------------++-------
  Melee: Dagger            ||    77
         Unarmed           ||     1
         Punch             ||     2
         Trident           ||    12
   Cast: Necrotise         ||    30
    Use: Potion            ||     2
   Stab: Sleeping          ||     6
 Armour: Robe              ||    37
  Dodge: Dodged            ||    47

Table legend: (Time is in decaauts)
 A = Elapsed time spent in this place.
 B = Non-inter-level travel time spent in this place.
 C = Inter-level travel time spent in this place.
 D = Time resting spent in this place.
 E = Time spent auto-exploring this place.
 F = Levels seen in this place.
 G = Mean time per level.
                   A        B        C        D        E       F      G
               +--------+--------+--------+--------+--------+-----+--------+
         Total |   1976 |   1947 |     29 |    290 |   1321 |   3 |  658.7 |
       Dungeon |   1976 |   1947 |     29 |    290 |   1321 |   3 |  658.7 |
               +--------+--------+--------+--------+--------+-----+--------+

Top non-repeatable levels by time:
     D:1: 1186 daAuts
     D:2: 752 daAuts
     D:3: 37 daAuts
